 Dungeon Crawl Stone Soup version 0.29-a0-517-gbdf32494f2 (webtiles) character file.

Game seed: 4196471276876304830

277 DocClef the Covert (level 6, -10/53 HPs)
             Began as a Gnoll Delver on May 30, 2022.
             Killed from afar by Ijyb (33 damage)
             ... with a bolt of acid
             ... on level 3 of the Dungeon.
             The game lasted 00:01:51 (1769 turns).

DocClef the Covert (Gnoll Delver)                   Turns: 1769, Time: 00:01:53

Health: -10/53     AC:  5    Str: 13    XL:     6   Next: 25%
Magic:  8/8        EV: 13    Int:  9    God:
Gold:   61         SH:  0    Dex: 14    Spells: 8/8 levels left

rFire   . . .      SeeInvis .   a - +0 short sword
rCold   . . .      Faith    .   (no shield)
rNeg    . . .      Spirit   .   b - +0 leather armour
rPois   .          Reflect  .   p - +0 helmet
rElec   .          Harm     .   (no cloak)
rCorr   .          Rampage  .   k - +0 pair of gloves
Will    .....                   (no boots)
Stlth   ++++......              (no amulet)
HPRegen 0.17/turn               (no ring)
MPRegen 0.11/turn               (no ring)

@: no status effects
A: fangs 1, strong nose, distributed training
a: no special abilities


You were on level 3 of the Dungeon.
You visited 1 branch of the dungeon, and saw 3 of its levels.

You collected 61 gold pieces.

Inventory:

Hand Weapons
 a - a +0 short sword (weapon)
Armour
 b - a +0 leather armour (worn)
 k - a +0 pair of gloves (worn)
 p - a +0 helmet (worn)
Wands
 g - a wand of digging (3)
Scrolls
 c - a scroll of fog
 d - a scroll of magic mapping
 e - 2 scrolls of fear
 i - a scroll of summoning {unknown}
 j - a scroll of silence {unknown}
 l - a scroll of brand weapon {unknown}
 m - 2 scrolls of identify {unknown}
 o - a scroll of amnesia {unknown}
Potions
 f - a potion of haste
 h - 2 potions of invisibility {unknown}
 n - a potion of heal wounds {unknown}


   Skills:
 + Level 6.8 Fighting
 + Level 4.9 Short Blades
 + Level 1.9 Long Blades
 + Level 1.9 Axes
 + Level 1.9 Maces & Flails
 + Level 1.9 Polearms
 + Level 1.9 Staves
 + Level 1.9 Slings
 + Level 1.9 Bows
 + Level 1.9 Crossbows
 + Level 1.9 Throwing
 + Level 1.9 Armour
 + Level 4.9 Dodging
 + Level 9.7 Stealth
 + Level 1.9 Shields
 + Level 1.9 Unarmed Combat
 + Level 1.9 Spellcasting
 + Level 1.5 Conjurations
 + Level 1.5 Hexes
 + Level 1.5 Summonings
 + Level 1.5 Necromancy
 + Level 1.5 Translocations
 + Level 1.5 Transmutations
 + Level 1.5 Fire Magic
 + Level 1.5 Ice Magic
 + Level 1.5 Air Magic
 + Level 1.5 Earth Magic
 + Level 1.5 Poison Magic
 + Level 2.1 Invocations
 + Level 1.9 Evocations


You had 8 spell levels left.
You didn't know any spells.
Your spell library contained the following spells:

 Spells                   Type           Power      Damage    Failure   Level
 Dazzling Flash           Conj/Hex       6%         N/A       56%         3
 Iskenderun's Mystic Bla  Conj/Tloc      3%         2d3       93%         4
 Starburst                Conj/Fire      1%         6d3       100%        6


Dungeon Overview and Level Annotations

Branches:
Dungeon (5/15)
 Temple: D:4-7

Altars:
The Shining One

Annotations:
D:3 Ijyb


Innate Abilities, Weirdness & Mutations

You have very sharp teeth.
Your uncanny sense of smell can sniff out nearby items.
Your experience applies equally to all skills.


Message History

No target in view!
No target in view!
No target in view!
No target in view!
Ijyb the Twisted Goblin comes into view.
She is wielding a +0 club and carrying a wand of acid (4).
Ijyb is nearby!
Ijyb is nearby!
Ijyb is nearby!
Ijyb shouts!
You hit Ijyb but do no damage. Ijyb barely misses you.
You hit Ijyb but do no damage. Ijyb closely misses you.
You hit Ijyb but do no damage. You closely miss Ijyb.
Ijyb hits you with a +0 club.
You barely miss Ijyb.
Ijyb zaps a wand.
The bolt of acid hits you!!
Ouch! That really hurt!
You are too injured to fight recklessly!
You are too injured to fight recklessly!
You are too injured to fight recklessly!
You are too injured to fight recklessly!
You are too injured to fight recklessly!
You are too injured to fight recklessly!
You are too injured to fight recklessly!
You are too injured to fight recklessly!
You are too injured to fight recklessly!
You are too injured to fight recklessly!
You are too injured to fight recklessly!
You are too injured to fight recklessly!
You are too injured to fight recklessly!
You are too injured to fight recklessly!
You are too injured to fight recklessly!
You are too injured to fight recklessly!
You are too injured to fight recklessly!
You are too injured to fight recklessly!
You hit Ijyb but do no damage. Ijyb barely misses you.
You barely miss Ijyb. Your bite misses Ijyb. Ijyb hits you but does no damage.
You completely miss Ijyb. Ijyb barely misses you.
You hit Ijyb but do no damage. You bite Ijyb, but do no damage.
Ijyb zaps a wand.
The bolt of acid hits you!!
Ouch! That really hurt!
You die...

#.......# ##...##
###.### ###.#####
##+# .# #.# #
#####.## #......#
### ##
#.###..###.##
..## #..##.#.##
....#
#..#.###.##......
#...## ##@g...#
##.#.# #.###.##
...##.#.# #####
#.# ###


You could see Ijyb.

Vanquished Creatures
  A necrophage (D:5)
  A scorpion (D:5)
  2 hounds (D:5)
  A jelly (D:5)
  An iguana (D:4)
  An adder (D:4)
  A worm (D:3)
  2 dart slugs
  6 orcs
  An endoplasm (D:4)
  2 quokkas
  A frilled lizard (D:3)
  4 kobolds
24 creatures vanquished.

Notes
Turn   | Place    | Note
-------+----------+-------------------------------------------
     0 | D:5      | Reached skill level 9 in Stealth
     0 | D:5      | DocClef the Gnoll Delver began the quest for the Orb.
     0 | D:5      | Reached XP level 1. HP: 23/23 MP: 1/1
    28 | D:5      | Noticed a necrophage
    51 | D:5      | Killed a necrophage
    52 | D:5      | Reached skill level 1 in Long Blades
    52 | D:5      | Reached skill level 1 in Axes
    52 | D:5      | Reached skill level 1 in Maces & Flails
    52 | D:5      | Reached skill level 1 in Polearms
    52 | D:5      | Reached skill level 1 in Staves
    52 | D:5      | Reached skill level 1 in Slings
    52 | D:5      | Reached skill level 1 in Bows
    52 | D:5      | Reached skill level 1 in Crossbows
    52 | D:5      | Reached skill level 1 in Throwing
    52 | D:5      | Reached skill level 1 in Armour
    52 | D:5      | Reached skill level 1 in Shields
    52 | D:5      | Reached skill level 1 in Unarmed Combat
    52 | D:5      | Reached skill level 1 in Spellcasting
    52 | D:5      | Reached skill level 1 in Invocations
    52 | D:5      | Reached skill level 1 in Evocations
    52 | D:5      | Reached XP level 2. HP: 9/29 MP: 1/3
    52 | D:5      | Reached XP level 3. HP: 11/35 MP: 1/4
    52 | D:5      | Reached XP level 4. HP: 13/41 MP: 1/5
   317 | D:5      | Reached skill level 1 in Conjurations
   317 | D:5      | Reached skill level 1 in Hexes
   317 | D:5      | Reached skill level 1 in Summonings
   317 | D:5      | Reached skill level 1 in Necromancy
   317 | D:5      | Reached skill level 1 in Translocations
   317 | D:5      | Reached skill level 1 in Transmutations
   317 | D:5      | Reached skill level 1 in Fire Magic
   317 | D:5      | Reached skill level 1 in Ice Magic
   317 | D:5      | Reached skill level 1 in Air Magic
   317 | D:5      | Reached skill level 1 in Earth Magic
   317 | D:5      | Reached skill level 1 in Poison Magic
   382 | D:5      | Reached XP level 5. HP: 14/47 MP: 5/7
  1109 | D:4      | Reached XP level 6. HP: 53/53 MP: 8/8
  1204 | D:4      | Found a glowing golden altar of the Shining One.
  1759 | D:3      | Noticed Ijyb
  1769 | D:3      | Killed from afar by Ijyb

Illustrated notes

Levels and vault maps discovered:
D:3:      minmay_razor_zed, layout_loops_corners, uniq_ijyb
D:4:      layout_loops_cross, overflow_temple_1_default
D:5:      layout_basic, uniq_eustachio

Skill      XL: |  1  2  3  4  5 |
---------------+----------------+-----
Stealth        | |  9.7
Long Blades    | 1 |  1.9
Axes           | 1 |  1.9
Maces & Flails | 1 |  1.9
Polearms       | 1 |  1.9
Staves         | 1 |  1.9
Slings         | 1 |  1.9
Bows           | 1 |  1.9
Crossbows      | 1 |  1.9
Throwing       | 1 |  1.9
Armour         | 1 |  1.9
Shields        | 1 |  1.9
Unarmed Combat | 1 |  1.9
Spellcasting   | 1 |  1.9
Invocations    | 1 2 |  2.1
Evocations     | 1 |  1.9
Conjurations   | 1 |  1.5
Hexes          | 1 |  1.5
Summonings     | 1 |  1.5
Necromancy     | 1 |  1.5
Translocations | 1 |  1.5
Transmutations | 1 |  1.5
Fire Magic     | 1 |  1.5
Ice Magic      | 1 |  1.5
Air Magic      | 1 |  1.5
Earth Magic    | 1 |  1.5
Poison Magic   | 1 |  1.5
Fighting       | |  6.8
Short Blades   | |  4.9
Dodging        | |  4.9

Action                   |  1- 3 |  4- 6 || total
-------------------------+-------+-------++-------
Melee: Short sword       |    22 |    78 ||   100
       Bite              |     2 |     6 ||     8
 Stab: Sleeping          |       |    14 ||    14
Armor: Leather armour    |     7 |    10 ||    17
Dodge: Dodged            |     8 |    37 ||    45

Table legend: (Time is in decaauts)
 A = Elapsed time spent in this place.
 B = Non-inter-level travel time spent in this place.
 C = Inter-level travel time spent in this place.
 D = Time resting spent in this place.
 E = Time spent auto-exploring this place.
 F = Levels seen in this place.
 G = Mean time per level.
                   A        B        C        D        E       F      G
               +--------+--------+--------+--------+--------+-----+--------+
         Total |   1755 |   1755 |      0 |    335 |   1157 |   3 |  585.0 |
       Dungeon |   1755 |   1755 |      0 |    335 |   1157 |   3 |  585.0 |
               +--------+--------+--------+--------+--------+-----+--------+

Top non-repeatable levels by time:
     D:5: 948 daAuts
     D:4: 659 daAuts
     D:3: 147 daAuts
